 Dungeon Crawl Stone Soup version 0.30-a0-772-g5528072125 (webtiles) character file.

Game seed: 5114618632213624776

353 Leeroy the Slasher (level 6, -2/30 HPs)
             Began as a Vine Stalker Warper on Feb 12, 2023.
             Was a Believer of Uskayaw.
             Killed by nerve-wracking pain
             ... invoked by an orc priest
              (4 damage)
             ... on level 5 of the Dungeon.
             The game lasted 00:03:13 (2333 turns).

Leeroy the Slasher (Vine Stalker Warper)            Turns: 2333, Time: 00:03:15

Health: -2/30      AC:  4    Str: 14    XL:     6   Next: 62%
Magic:  0/10       EV: 17    Int: 13    God:    Uskayaw [**....]
Gold:   114        SH:  0    Dex: 15    Spells: 9/9 levels left

rFire   . . .      SeeInvis .    a - +0 falchion
rCold   . . .      Faith    .    (no shield)
rNeg    . . .      Spirit   +    b - +0 leather armour
rPois   .          Reflect  .    (no helmet)
rElec   .          Harm     .    (no cloak)
rCorr   .          Rampage  .    l - +0 pair of gloves
Will    .....                    (no boots)
Stlth   +                        r - amulet of the acrobat
HPRegen 1.05/turn                i - +5 ring of evasion
MPRegen 0.12/turn                (no ring)

@: no status effects
A: fangs 2, regeneration 1, magic shield, antimagic bite, no potion heal 2
a: Renounce Religion, Stomp, Line Pass


You were on level 5 of the Dungeon.
You worshipped Uskayaw.
Uskayaw was noncommittal.
You visited 1 branch of the dungeon, and saw 4 of its levels.

You collected 114 gold pieces.

Inventory:

Hand Weapons
 a - a +0 falchion (weapon)
 w - a +3 dagger
Missiles
 d - 7 boomerangs of dispersal (quivered)
 j - 3 boomerangs
 n - a throwing net
Armour
 b - a +0 leather armour (worn)
 l - a +0 pair of gloves (worn)
Jewellery
 i - a +5 ring of evasion (left hand)
 r - an amulet of the acrobat (around neck)
Wands
 t - a wand of flame (11)
Scrolls
 c - 2 scrolls of blinking
 e - a scroll of fog {unknown}
 f - 2 scrolls of enchant weapon {unknown}
 g - 2 scrolls of poison {unknown}
 h - a scroll of enchant armour {unknown}
 k - a scroll of fear {unknown}
 m - 2 scrolls of teleportation {unknown}
 v - a scroll of identify {unknown}
Potions
 o - 3 potions of curing {unknown}
 p - 4 potions of lignification {unknown}
 q - a potion of mutation {unknown}
 s - a potion of haste {unknown}
 u - a potion of degeneration {unknown}


   Skills:
 - Level 1.7 Fighting
 + Level 6.0 Long Blades
 - Level 0.8 Throwing
 - Level 0.7 Armour
 - Level 2.0 Dodging
 - Level 2.1 Spellcasting
 - Level 3.0 Translocations


You had 9 spell levels left.
You didn't know any spells.
Your spell library contained the following spells:

 Spells                   Type           Power      Damage    Failure   Level
 Blink                    Tloc           18%        N/A       14%         2
 Lesser Beckoning         Tloc           18%        N/A       14%         2
 Teleport Other           Tloc           9%         N/A       28%         3
 Ensorcelled Hibernation  Hex/Ice        2%         N/A       43%         2
 Vhi's Electric Charge    Tloc/Air       10%        N/A       45%         3
 Kindle Blastsparks       Fire/Tloc/Air  8%         2d10      54%         3
 Ignite Poison            Fire/Tmut/Pois 1%         N/A       67%         3
 Spider Form              Tmut/Pois      1%         N/A       67%         3
 Manifold Assault         Tloc           9%         N/A       67%         4
 Anguish                  Hex/Necr       0%         N/A       97%         4
 Freezing Cloud           Conj/Ice/Air   0%         6-21      100%        5


Dungeon Overview and Level Annotations

Branches:
Dungeon (5/15)
 Temple: D:4-7

Altars:
Uskayaw


Innate Abilities, Weirdness & Mutations

You have extremely sharp teeth.
Your natural rate of healing is unusually fast.
When hurt, damage is shared between your health and your magic reserves.
Your bite disrupts and absorbs the magic of your enemies.
Potions cannot restore your health.


Message History

You are too injured to fight recklessly!
You are too injured to fight recklessly!
You are too injured to fight recklessly!
You are too injured to fight recklessly!
You are too injured to fight recklessly!
You hit the orc priest but do no damage.
The orc priest is moderately wounded.
The orc priest barely misses you. The orc completely misses you.
The orc priest misses you. The orc priest barely misses you.
You hit the orc priest.
The orc priest is severely wounded.
The orc priest closely misses you.
The orc priest looks encouraged for a moment.
The orc closely misses you. The orc priest misses you.
You can now pass through a line of other dancers.
You hit the orc priest but do no damage.
You bite the orc priest, but do no damage.
The orc priest is severely wounded.
The orc priest barely misses you. The orc closely misses you.
The orc priest calls down the wrath of Beogh upon you.
Beogh smites you!
* * * LOW HITPOINT WARNING * * *
The orc priest barely misses you.
You barely miss the orc priest. Your bite misses the orc priest.
The orc priest is severely wounded.
The orc priest misses you. The orc closely misses you.
The orc priest hits you with a +0 club.
* * * LOW HITPOINT WARNING * * *
The orc priest hits you with a +0 hand axe.
* * * LOW HITPOINT WARNING * * *
You barely miss the orc. You bite the orc. You drain its power.
You feel invigorated.
The orc is moderately wounded.
The orc priest mumbles some strange prayers to Beogh against you.
You struggle to resist.
The orc hits you with a +0 hand axe!
* * * LOW HITPOINT WARNING * * *
The orc priest misses you.
The orc priest calls down the wrath of Beogh upon you.
Pain shoots through your body!
You die...

..>.....###.#....#
####.#### #......#
#.# ###...## #.#
#...# #.# #...#
#.# #...# #.#
#...# #.#
####...########
........@o.....#
.......ooo..w...
..............(.
#####...#######.
#...# ..... #....#
#....


You could see a worm, 3 orc priests and an orc.

Vanquished Creatures
  2 hounds (D:5)
  An orc priest (D:5)
  3 orc wizards (D:5)
  Ijyb (D:3)
  An iguana (D:5)
  6 adders
  A shadow imp (D:3)
  A worm (D:2)
  2 dart slugs (D:1)
  5 orcs
  7 ball pythons
  4 endoplasms
  A giant cockroach (D:3)
  5 goblins
  3 hobgoblins
  4 jackals
  5 kobolds
  6 quokkas
  6 bats
  3 frilled lizards
  5 rats
72 creatures vanquished.

Vanquished Creatures (others)
  An orc wizard (D:5)
1 creature vanquished.

Grand Total: 73 creatures vanquished

Notes
Turn   | Place    | Note
-------+----------+-------------------------------------------
     0 | D:1      | Leeroy the Vine Stalker Warper began the quest for the Orb.
     0 | D:1      | Reached XP level 1. HP: 11/11 MP: 4/4
     8 | D:1      | Found a faded altar of an unknown god.
    74 | D:1      | Reached skill level 2 in Long Blades
   164 | D:1      | Reached XP level 2. HP: 15/15 MP: 6/6
   453 | D:1      | Reached skill level 3 in Long Blades
   565 | D:1      | Reached XP level 3. HP: 18/18 MP: 5/7
  1251 | D:2      | Gained mutation: Your natural rate of healing is unusually
                  | fast. [Vine Stalker growth]
  1251 | D:2      | Reached XP level 4. HP: 19/23 MP: 5/8
  1447 | D:2      | Found a hide-covered altar of Uskayaw.
  1518 | D:2      | Became a worshipper of Uskayaw the Reveller
  1557 | D:2      | Reached * piety under Uskayaw
  1783 | D:3      | Noticed Ijyb
  1794 | D:3      | Reached ** piety under Uskayaw
  1804 | D:3      | Killed Ijyb
  1805 | D:3      | Reached skill level 4 in Long Blades
  1806 | D:3      | Reached XP level 5. HP: 23/26 MP: 6/9
  1934 | D:3      | You fall into a shaft and drop 2 floors!
  1934 | D:5      | Entered Level 5 of the Dungeon
  2063 | D:5      | Reached skill level 5 in Long Blades
  2114 | D:5      | HP: 1/26 [orc priest/divine providence (10)]
  2117 | D:5      | Reached XP level 6. HP: 3/30 MP: 0/10
  2118 | D:5      | Reached *** piety under Uskayaw
  2123 | D:5      | Reached **** piety under Uskayaw
  2128 | D:5      | Reached ***** piety under Uskayaw
  2294 | D:5      | Reached skill level 6 in Long Blades
  2333 | D:5      | Killed from afar by an orc priest

Illustrated notes

Levels and vault maps discovered:
D:1:      mrwooster_arrival_statue_2, layout_loops_corners,
          dreamdust_ecumenical_altar_grove
D:2:      layout_basic, basic_altar
D:3:      layout_basic, minivault_24, uniq_ijyb
D:5:      layout_loops_cross, corexii_shack

Skill      XL: |  1  2  3  4  5  6 |
---------------+-------------------+-----
Long Blades    | 2 3 4 5 6 |  6.0
Dodging        | 2 |  2.0
Fighting       | |  1.7
Throwing       | |  0.8
Armour         | |  0.7
Spellcasting   | |  2.1
Translocations | |  3.0

Action                     |  1- 3 |  4- 6 || total
---------------------------+-------+-------++-------
  Melee: Falchion          |   114 |   178 ||   292
         Bite              |    19 |    43 ||    62
         Punch             |     3 |     1 ||     4
   Stab: Sleeping          |     1 |       ||     1
 Armour: Leather armour    |    26 |    27 ||    53
  Dodge: Dodged            |    84 |   146 ||   230

Table legend: (Time is in decaauts)
 A = Elapsed time spent in this place.
 B = Non-inter-level travel time spent in this place.
 C = Inter-level travel time spent in this place.
 D = Time resting spent in this place.
 E = Time spent auto-exploring this place.
 F = Levels seen in this place.
 G = Mean time per level.
                   A        B        C        D        E       F      G
               +--------+--------+--------+--------+--------+-----+--------+
         Total |   2359 |   2290 |     69 |      0 |   1691 |   4 |  589.8 |
       Dungeon |   2359 |   2290 |     69 |      0 |   1691 |   4 |  589.8 |
               +--------+--------+--------+--------+--------+-----+--------+

Top non-repeatable levels by time:
     D:1: 984 daAuts
     D:2: 651 daAuts
     D:5: 402 daAuts
     D:3: 322 daAuts
